| TOP OF THE 1ST |
|
Florida Marlins batting - Pitching for Kansas City Royals : LHP Denny Neagle
|
|
Pitching: LHP Denny Neagle
|
|
|
Batting: LHB Craig Counsell
|
0-0: Swinging Strike 0-1: Ball 1-1: Foul Ball, location: 2F 1-2: Ball 2-2: Strikes out looking
|
|
Batting: RHB Charles Johnson
|
0-0: SINGLE (Flyball, 89M, EV 91.9 MPH)
|
|
Batting: RHB Richie Sexson
|
0-0: Ball 1-0: Foul Ball, location: 2F 1-1: Foul Ball, location: 2F 1-2: Strikes out swinging
|
|
Batting: RHB Juan Encarnacion
|
0-0: Ball 1-0: Foul Ball, location: 2F 1-1: Called Strike 1-2: Ground out 4-3 (Groundball, 34, EV 101.3 MPH)
|
| Top of the 1st over - 0 runs, 1 hit, 0 errors, 1 left on base; Florida 0 - Kansas City 0 |
| BOTTOM OF THE 1ST |
|
Kansas City Royals batting - Pitching for Florida Marlins : LHP Al Leiter
|
|
Pitching: LHP Al Leiter
|
|
|
Batting: RHB Reggie L. Sanders
|
0-0: Ball 1-0: Ball 2-0: Swinging Strike 2-1: Swinging Strike 2-2: Ball 3-2: Foul Ball, location: 2RF, Error on foul ball, E2 3-2: Single, Error in OF, E7, batter to second base (Groundball, 56D, EV 105.6 MPH)
|
|
Batting: SHB Quilvio Veras
|
0-0: Swinging Strike 0-1: Ball 1-1: Called Strike 1-2: Ball 2-2: Fly out, F2 (Popup, 23F, EV 90.0 MPH)
|
|
Batting: RHB Barry Larkin
|
0-0: Fly out, F7 (Flyball, 7LSF, EV 87.5 MPH)
|
|
Batting: LHB Jim Thome
|
0-0: Ball 1-0: SINGLE (Groundball, 4D, EV 96.3 MPH) Reggie L. Sanders to third Runner from 3rd tries for Home, SAFE, throw by CF to home Jim Thome to second
|
|
Batting: RHB Richard Hidalgo
|
0-0: Ball 1-0: 2-RUN HOME RUN (Flyball, 7D, EV 108.8 MPH), Distance : 379 ft
|
|
Batting: RHB Randy Milligan
|
0-0: Called Strike 0-1: SOLO HOME RUN (Flyball, 7D, EV 111.9 MPH), Distance : 358 ft
|
|
Batting: RHB Tony Eusebio
|
0-0: Ball 1-0: Fly out, F8 (Flyball, 8LD, EV 106.3 MPH)
|
| Bottom of the 1st over - 4 runs, 4 hits, 2 errors, 0 left on base; Florida 0 - Kansas City 4 |
| TOP OF THE 2ND |
|
Florida Marlins batting - Pitching for Kansas City Royals : LHP Denny Neagle
|
|
Batting: RHB Rondell White
|
0-0: Ball 1-0: Ground out 6-3 (Groundball, 56, EV 86.9 MPH)
|
|
Batting: SHB Bobby Bonilla
|
0-0: Foul Ball, location: 2F 0-1: Ground out 4-3 (Groundball, 4, EV 91.3 MPH)
|
|
Batting: RHB Edgardo Alfonzo
|
0-0: Ball 1-0: Ball 2-0: Ball 3-0: Base on Balls
|
|
Batting: RHB Tony Barron
|
0-0: Called Strike 0-1: Foul Ball, location: 2F 0-2: Foul Ball, location: 2F 0-2: Ground out 5-3 (Groundball, 56S, EV 84.4 MPH)
|
| Top of the 2nd over - 0 runs, 0 hits, 0 errors, 1 left on base; Florida 0 - Kansas City 4 |
| BOTTOM OF THE 2ND |
|
Kansas City Royals batting - Pitching for Florida Marlins : LHP Al Leiter
|
|
Batting: RHB Andruw Jones
|
0-0: Swinging Strike 0-1: Ball 1-1: Fly out, F9 (Flyball, 89S, EV 93.8 MPH)
|
|
Batting: RHB Tim Naehring
|
0-0: Ball 1-0: Called Strike 1-1: Called Strike 1-2: Ground out 5-3 (Groundball, 56, EV 83.1 MPH)
|
|
Batting: RHB Reggie L. Sanders
|
0-0: Called Strike 0-1: Called Strike 0-2: Ball 1-2: Strikes out swinging
|
| Bottom of the 2nd over - 0 runs, 0 hits, 0 errors, 0 left on base; Florida 0 - Kansas City 4 |
| TOP OF THE 3RD |
|
Florida Marlins batting - Pitching for Kansas City Royals : LHP Denny Neagle
|
|
Batting: SHB Luis Castillo
|
0-0: Ball 1-0: Called Strike 1-1: Called Strike 1-2: Ball 2-2: Strikes out swinging
|
|
Batting: LHB Craig Counsell
|
0-0: Ground out 6-3 (Groundball, 6, EV 100.6 MPH)
|
|
Batting: RHB Charles Johnson
|
0-0: Ball 1-0: Ball 2-0: Ball 3-0: Called Strike 3-1: Base on Balls
|
|
Batting: RHB Richie Sexson
|
0-0: Ball 1-0: Ball 2-0: Fly out, F9 (Flyball, 9LS, EV 88.8 MPH)
|
| Top of the 3rd over - 0 runs, 0 hits, 0 errors, 1 left on base; Florida 0 - Kansas City 4 |
| BOTTOM OF THE 3RD |
|
Kansas City Royals batting - Pitching for Florida Marlins : LHP Al Leiter
|
|
Batting: SHB Quilvio Veras
|
0-0: Ball 1-0: Swinging Strike 1-1: Ball 2-1: Foul Ball, location: 2F 2-2: Ball 3-2: Strikes out swinging
|
|
Batting: RHB Barry Larkin
|
0-0: Ball 1-0: Foul Ball, location: 2F 1-1: Ball 2-1: Fly out, F2 (Popup, 2LF, EV 86.9 MPH)
|
|
Batting: LHB Jim Thome
|
0-0: Foul Ball, location: 2F 0-1: Called Strike 0-2: Fly out, F8 (Flyball, 8LS, EV 85.0 MPH)
|
| Bottom of the 3rd over - 0 runs, 0 hits, 0 errors, 0 left on base; Florida 0 - Kansas City 4 |
| TOP OF THE 4TH |
|
Florida Marlins batting - Pitching for Kansas City Royals : LHP Denny Neagle
|
|
Batting: RHB Juan Encarnacion
|
0-0: Ball 1-0: Foul Ball, location: 2F 1-1: Ball 2-1: Ball 3-1: Base on Balls
|
|
Batting: RHB Rondell White
|
0-0: Called Strike 0-1: Ball 1-1: Fly out, F8 (Line Drive, 8RD, EV 105.6 MPH)
|
|
Batting: SHB Bobby Bonilla
|
0-0: Called Strike 0-1: Swinging Strike 0-2: Ball 1-2: Ball 2-2: Strikes out swinging
|
|
Batting: RHB Edgardo Alfonzo
|
0-0: Called Strike 0-1: SINGLE (Groundball, 56D, EV 103.1 MPH) Juan Encarnacion to second Runner from 2nd tries for 3rd, SAFE, throw by LF made to third
|
|
Batting: RHB Tony Barron
|
0-0: Ball 1-0: Ball 2-0: Ball 3-0: Called Strike 3-1: Base on Balls Edgardo Alfonzo to second
|
|
Batting: SHB Luis Castillo
|
0-0: Ball 1-0: Ground out 1-3 (Groundball, 13S, EV 64.4 MPH)
|
| Top of the 4th over - 0 runs, 1 hit, 0 errors, 3 left on base; Florida 0 - Kansas City 4 |
| BOTTOM OF THE 4TH |
|
Kansas City Royals batting - Pitching for Florida Marlins : LHP Al Leiter
|
|
Batting: RHB Richard Hidalgo
|
0-0: Ball 1-0: Fly out, F7 (Line Drive, 7D, EV 105.6 MPH)
|
|
Batting: RHB Randy Milligan
|
0-0: Called Strike 0-1: Ball 1-1: Ball 2-1: Foul Ball, location: 2F 2-2: Foul Ball, location: 2F 2-2: Foul Ball, location: 2F 2-2: Ball 3-2: Base on Balls
|
|
Batting: RHB Tony Eusebio
|
0-0: Grounds into double play, 1-6-3 (Groundball, 13, EV 60.0 MPH)
|
| Bottom of the 4th over - 0 runs, 0 hits, 0 errors, 0 left on base; Florida 0 - Kansas City 4 |
| TOP OF THE 5TH |
|
Florida Marlins batting - Pitching for Kansas City Royals : LHP Denny Neagle
|
|
Batting: LHB Craig Counsell
|
0-0: Ball 1-0: Called Strike 1-1: Ball 2-1: Foul Ball, location: 2F 2-2: Foul Ball, location: 2F 2-2: Ball 3-2: Fly out, F9 (Line Drive, 9, EV 104.4 MPH)
|
|
Batting: RHB Charles Johnson
|
0-0: Foul Ball, location: 2F 0-1: SINGLE (Groundball, 56D, EV 98.1 MPH)
|
|
Batting: RHB Richie Sexson
|
0-0: Grounds into double play, 4-6-3 (Groundball, 4, EV 87.5 MPH)
|
| Top of the 5th over - 0 runs, 1 hit, 0 errors, 0 left on base; Florida 0 - Kansas City 4 |
| BOTTOM OF THE 5TH |
|
Kansas City Royals batting - Pitching for Florida Marlins : LHP Al Leiter
|
|
Batting: RHB Andruw Jones
|
0-0: Called Strike 0-1: Ground out 6-3 (Groundball, 6, EV 81.3 MPH)
|
|
Batting: RHB Tim Naehring
|
0-0: Ball 1-0: Ball 2-0: Called Strike 2-1: Called Strike 2-2: Foul Ball, location: 2F 2-2: Strikes out looking
|
|
Batting: RHB Reggie L. Sanders
|
0-0: Ball 1-0: Called Strike 1-1: Ball 2-1: Swinging Strike 2-2: Ball 3-2: Strikes out swinging
|
| Bottom of the 5th over - 0 runs, 0 hits, 0 errors, 0 left on base; Florida 0 - Kansas City 4 |
| TOP OF THE 6TH |
|
Florida Marlins batting - Pitching for Kansas City Royals : LHP Denny Neagle
|
|
Batting: RHB Juan Encarnacion
|
0-0: Ball 1-0: Ball 2-0: Ball 3-0: Called Strike 3-1: Foul Ball, location: 2F 3-2: SINGLE (Groundball, 6MD, EV 108.1 MPH)
|
|
Batting: RHB Rondell White
|
0-0: Called Strike 0-1: Fielders Choice at 2nd, 3-6 (Groundball, 3S, EV 85.6 MPH)
|
|
Batting: SHB Bobby Bonilla
|
0-0: Grounds into double play, 4-6-3 (Groundball, 4, EV 88.1 MPH)
|
| Top of the 6th over - 0 runs, 1 hit, 0 errors, 0 left on base; Florida 0 - Kansas City 4 |
| BOTTOM OF THE 6TH |
|
Kansas City Royals batting - Pitching for Florida Marlins : LHP Al Leiter
|
|
Batting: SHB Quilvio Veras
|
0-0: Foul Ball, location: 2F 0-1: Foul Ball, location: 2F 0-2: Foul Ball, location: 2F 0-2: Ball 1-2: Strikes out swinging
|
|
Batting: RHB Barry Larkin
|
0-0: SOLO HOME RUN (Flyball, 7D, EV 111.3 MPH), Distance : 375 ft
|
|
Batting: LHB Jim Thome
|
0-0: Ball 1-0: Fly out, F5 (Popup, 5SF, EV 69.4 MPH)
|
|
Batting: RHB Richard Hidalgo
|
0-0: Ball 1-0: Foul Ball, location: 2F 1-1: Swinging Strike 1-2: Ball 2-2: Foul Ball, location: 2F 2-2: Fly out, F8 (Flyball, 8RS, EV 92.5 MPH)
|
| Bottom of the 6th over - 1 run, 1 hit, 0 errors, 0 left on base; Florida 0 - Kansas City 5 |
| TOP OF THE 7TH |
|
Florida Marlins batting - Pitching for Kansas City Royals : LHP Denny Neagle
|
|
Batting: RHB Edgardo Alfonzo
|
0-0: Swinging Strike 0-1: Swinging Strike 0-2: Ball 1-2: Strikes out swinging
|
|
Batting: RHB Tony Barron
|
0-0: Ball 1-0: Swinging Strike 1-1: Called Strike 1-2: Ball 2-2: Fly out, F9 (Flyball, 9S, EV 95.0 MPH)
|
|
Batting: SHB Luis Castillo
|
0-0: Ball 1-0: Foul Ball, location: 2F 1-1: Called Strike 1-2: Foul Ball, location: 2F 1-2: Ground out 1-3 (Groundball, 13, EV 71.3 MPH)
|
| Top of the 7th over - 0 runs, 0 hits, 0 errors, 0 left on base; Florida 0 - Kansas City 5 |
| BOTTOM OF THE 7TH |
|
Kansas City Royals batting - Pitching for Florida Marlins : LHP Al Leiter
|
|
Batting: RHB Randy Milligan
|
0-0: Ball 1-0: Foul Ball, location: 2F 1-1: Foul Ball, location: 2F 1-2: Ball 2-2: Fly out, F8 (Flyball, 8LXD, EV 90.0 MPH)
|
|
Batting: RHB Tony Eusebio
|
0-0: Called Strike 0-1: Ball 1-1: Called Strike 1-2: SINGLE (Line Drive, 9S, EV 105.0 MPH)
|
|
Batting: RHB Andruw Jones
|
0-0: Foul Ball, location: 2F 0-1: Ball 1-1: Ball 2-1: Foul Ball, location: 2F 2-2: Fly out, F1 (Popup, P, EV 82.5 MPH)
|
|
Batting: RHB Tim Naehring
|
0-0: Ball 1-0: Swinging Strike 1-1: Foul Ball, location: 2F 1-2: Foul Ball, location: 2F 1-2: Fly out, F8 (Flyball, 8RD, EV 101.9 MPH)
|
| Bottom of the 7th over - 0 runs, 1 hit, 0 errors, 1 left on base; Florida 0 - Kansas City 5 |
| TOP OF THE 8TH |
|
Florida Marlins batting - Pitching for Kansas City Royals : LHP Denny Neagle
|
|
Batting: LHB Craig Counsell
|
0-0: Ground out U3 (Groundball, 3S, EV 61.9 MPH)
|
|
Batting: RHB Charles Johnson
|
0-0: Ball 1-0: Foul Ball, location: 2F 1-1: Called Strike 1-2: Ball 2-2: Foul Ball, location: 2F 2-2: Foul Ball, location: 2F 2-2: Strikes out swinging
|
|
Batting: RHB Richie Sexson
|
0-0: Called Strike 0-1: Ball 1-1: Fly out, F7 (Flyball, 7LM, EV 93.1 MPH)
|
| Top of the 8th over - 0 runs, 0 hits, 0 errors, 0 left on base; Florida 0 - Kansas City 5 |
| BOTTOM OF THE 8TH |
|
Kansas City Royals batting - Pitching for Florida Marlins : LHP Al Leiter
|
|
Batting: RHB Reggie L. Sanders
|
0-0: Ball 1-0: Ball 2-0: SINGLE (Flyball, 9LS, EV 90.6 MPH)
|
|
Pitching: LHP Terrell Wade
|
|
|
Batting: SHB Quilvio Veras
|
0-0: Ball 1-0: Ball 2-0: Ball 3-0: Base on Balls Reggie L. Sanders to second
|
|
Batting: RHB Barry Larkin
|
0-0: Swinging Strike 0-1: Fly out, F4 (Popup, 4S, EV 81.9 MPH)
|
|
Batting: LHB Jim Thome
|
0-0: Ball 1-0: Foul Ball, location: 2F 1-1: Ball 2-1: Foul Ball, location: 2F 2-2: Strikes out swinging
|
|
Batting: RHB Richard Hidalgo
|
0-0: Ball 1-0: Ball 2-0: Called Strike 2-1: Foul Ball, location: 2F 2-2: Foul Ball, location: 2F 2-2: Fielders Choice at 2nd, 5-4 (Groundball, 5, EV 81.3 MPH)
|
| Bottom of the 8th over - 0 runs, 1 hit, 0 errors, 2 left on base; Florida 0 - Kansas City 5 |
| TOP OF THE 9TH |
|
Florida Marlins batting - Pitching for Kansas City Royals : LHP Denny Neagle
|
|
Batting: RHB Juan Encarnacion
|
0-0: Foul Ball, location: 2F 0-1: Ball 1-1: Called Strike 1-2: Fly out, F8 (Flyball, 8RM, EV 81.3 MPH)
|
|
Batting: RHB Rondell White
|
0-0: Foul Ball, location: 2F 0-1: SOLO HOME RUN (Flyball, 7LD, EV 97.5 MPH), Distance : 359 ft
|
|
Batting: SHB Bobby Bonilla
|
0-0: Ball 1-0: Swinging Strike 1-1: Ball 2-1: Called Strike 2-2: Strikes out swinging
|
|
Batting: RHB Edgardo Alfonzo
|
0-0: Swinging Strike 0-1: Fly out, F4 (Popup, 34S, EV 83.8 MPH)
|
| Top of the 9th over - 1 run, 1 hit, 0 errors, 0 left on base; Florida 1 - Kansas City 5 |
|